Map: Port Aleksander LE

Players

Clem

  • Race: Terran Terran
  • Spawn Location: 5:00

ShoWTimE - Winner!

  • Race: Protoss Protoss
  • Spawn Location: 11:00

Event: 2019 WCS Spring

VOD

Have the link to the VOD?

Description

Time

  • Played on: May 18, 2019, 1:09 p.m.
  • Length: 10:03

All games in this series

Show
View Real Time Build Order
Export as new Build Order

Clem Terran 

Build Orders: Gas First Reaper Expand 

Get SALT Encoding   

  12  0:00  SCV  
  13  0:12  SCV  
  14  0:18  Supply Depot  
  14  0:25  SCV  
  15  0:29  Refinery  
  15  0:39  SCV  
  16  0:45  Barracks  
  16  0:51  SCV  
  17  1:03  SCV  
  18  1:15  SCV  
  19  1:33  Reaper, Orbital Command  
  20  1:45  Command Center  
  20  1:56  Factory  
  20  2:01  SCV  
  21  2:10  Barracks Reactor  
  21  2:14  SCV  
  22  2:18  Bunker  
  22  2:22  Supply Depot  
  22  2:27  SCV  
  23  2:30  Refinery  
  23  2:43  SCV, Starport  
  24  2:46  Marine  
  24  2:48  Marine  
  26  2:55  Widow Mine  
  26  2:58  SCV  
  29  3:04  Orbital Command  
  29  3:07  Marine  
  29  3:11  Marine  
  31  3:14  SCV  
  32  3:20  Medivac  
  32  3:22  Widow Mine  
  32  3:26  SCV  
  37  3:29  Supply Depot  
  36  3:35  Marine  
  34  3:44  Marine  
  34  3:46  Factory Tech Lab  
  35  3:49  SCV  
  35  3:51  SCV  
  36  4:00  Viking  
  37  4:09  Marine x2  
  37  4:11  SCV x2  
  41  4:23  SCV  
  43  4:24  SCV  
  43  4:26  Supply Depot  
  43  4:27  Marine x2  
  45  4:35  SCV  
  45  4:36  SCV  
  45  4:38  Siege Tank  
  49  4:41  Supply Depot  
  49  4:47  SCV  
  49  4:48  SCV  
  49  4:51  Marine x2  
  53  4:57  Viking  
  53  4:59  SCV  
  56  5:03  Supply Depot  
  56  5:04  SCV  
  57  5:08  Marine  
  57  5:09  Marine  
  57  5:12  Siege Tank  
  62  5:14  SCV  
  62  5:19  Supply Depot  
  62  5:21  SCV  
  64  5:26  SCV  
  65  5:28  Barracks  
  65  5:33  Starport Tech Lab  
  65  5:34  Marine  
  65  5:35  Barracks  
  66  5:37  Marine  
  66  5:38  SCV  
  66  5:40  SCV  
  69  5:47  Siege Tank  
  71  5:51  Supply Depot  
  71  5:52  SCV, Marine  
  71  5:53  SCV  
  71  5:55  Marine  
  72  6:09  SCV x2  
  72  6:10  Marine  
  72  6:11  Supply Depot, Engineering Bay, Refinery  
  75  6:13  Marine  
  75  6:14  Starport Reactor  
  75  6:21  SCV x2  
  74  6:31  Marine  
  66  6:33  SCV, Stimpack  
  66  6:36  SCV  
  66  6:38  Marauder, Marine  
  59  6:40  Factory Reactor  
  59  6:42  Terran Infantry Weapons Level 1, Refinery  
  59  6:43  Marauder  
  57  6:49  Marine  
  57  6:50  Barracks  
  57  6:52  Barracks  
  58  6:56  Marine  
  58  6:59  SCV x2  
  58  7:00  Marauder, Combat Shield  
  63  7:05  Missile Turret  
  63  7:06  Missile Turret  
  63  7:07  Marine  
  64  7:10  Marauder  
  64  7:14  Marine  
  67  7:19  Widow Mine x2  
  71  7:23  Marauder  
  71  7:24  Marine  
  71  7:27  Medivac  
  76  7:30  Medivac  
  76  7:31  Marauder  
  76  7:32  Marine  
  76  7:35  Supply Depot  
  80  7:41  Barracks Reactor, Barracks Tech Lab  
  80  7:42  Marine, Widow Mine x2  
  85  7:46  Marauder  
  85  7:49  Marine  
  88  7:53  Marauder  
  88  7:54  Supply Depot  
  88  7:57  Supply Depot  
  90  7:59  Concussive Shells  
  90  8:00  Marauder, Marine  
  90  8:05  Medivac  
  95  8:07  Marine  
  95  8:11  Widow Mine x2  
  95  8:12  Marauder  
  102  8:14  Marauder  
  102  8:18  Supply Depot, Marine  
  105  8:22  Medivac  
  105  8:24  Marine x2  
  107  8:27  Marauder  
  107  8:33  Marauder  
  111  8:38  Marine  
  111  8:39  Marine  
  111  8:40  Marauder, Widow Mine  
  113  8:46  Supply Depot  
  113  8:50  Marine  
  114  8:58  Marine x2  
  114  9:01  Marine  
  117  9:12  Marauder  
  119  9:31  Medivac  
  104  9:32  Widow Mine  
  79  9:39  Marine  
  79  9:40  Marine  
Show
View Real Time Build Order
Export as new Build Order

ShoWTimE Protoss - Winner!

Build Orders: Oracle Opening, Blink Stalkers 

Get SALT Encoding   

  12  0:00  Probe  
  13  0:12  Probe  
  14  0:20  Pylon  
  14  0:24  Probe  
  15  0:34  Probe  
  15  0:40  Gateway  
  15  0:42  Probe  
  16  0:49  Assimilator  
  17  0:52  Probe  
  18  1:00  Assimilator  
  18  1:04  Probe  
  19  1:16  Probe  
  20  1:27  Cybernetics Core  
  20  1:30  Probe  
  21  1:34  Pylon  
  21  1:42  Probe  
  22  1:53  Adept  
  23  1:54  Probe  
  23  2:04  Stargate  
  25  2:09  Warp Gate  
  25  2:12  Probe  
  26  2:29  Nexus  
  26  2:31  Probe  
  27  2:39  Oracle  
  27  2:42  Pylon  
  30  2:52  Probe  
  31  3:04  Probe  
  32  3:06  Oracle  
  32  3:16  Probe  
  36  3:27  Twilight Council  
  36  3:28  Probe  
  37  3:40  Probe  
  38  3:45  Blink  
  38  3:46  Probe  
  38  3:49  Gateway  
  38  3:50  Gateway  
  38  3:52  Probe  
  38  3:54  Probe  
  38  4:03  Stalker  
  38  4:04  Probe x2  
  42  4:16  Probe  
  42  4:17  Probe  
  44  4:23  Pylon  
  42  4:28  Probe  
  42  4:29  Stalker, Probe  
  46  4:41  Probe x2  
  46  4:43  Pylon  
  46  4:44  Stalker x2  
  52  4:53  Probe x2  
  52  4:59  Pylon  
  54  5:02  Stalker  
  54  5:04  Pylon  
  54  5:05  Probe x2  
  58  5:11  Stalker x2  
  62  5:18  Assimilator, Probe  
  62  5:20  Assimilator  
  64  5:31  Nexus  
  65  5:40  Stalker x2  
  67  5:43  Stalker  
  67  5:47  Pylon  
  69  5:52  Shield Battery  
  69  5:59  Probe x2  
  71  6:07  Stalker x3  
  77  6:11  Probe x2  
  77  6:13  Shield Battery  
  79  6:19  Forge  
  79  6:30  Stalker x3  
  79  6:32  Probe  
  75  6:37  Charge  
  75  6:38  Probe  
  73  6:40  Probe  
  73  6:41  Templar Archives  
  73  6:43  Probe  
  73  6:46  Probe  
  74  6:48  Probe  
  74  6:49  Oracle  
  76  6:55  Probe  
  76  6:56  Probe  
  76  6:58  Probe  
  76  7:01  Protoss Ground Weapons Level 1, Pylon  
  82  7:08  Probe x2, Gateway  
  84  7:14  Gateway  
  84  7:17  Gateway  
  84  7:19  Probe  
  84  7:20  Probe  
  86  7:23  Psionic Storm  
  86  7:25  Probe  
  87  7:30  Assimilator, High Templar  
  87  7:33  Assimilator  
  87  7:36  Gateway  
  89  7:43  Gateway  
  89  7:44  High Templar  
  91  7:45  Pylon  
  91  7:51  Zealot, Shield Battery  
  91  7:54  Pylon  
  91  7:55  Robotics Facility  
  93  8:01  Pylon  
  93  8:02  High Templar  
  93  8:03  Zealot  
  93  8:04  Pylon  
  97  8:07  Probe  
  97  8:09  Probe  
  99  8:14  High Templar  
  99  8:15  Zealot x2  
  99  8:18  Pylon  
  105  8:28  Zealot x2  
  109  8:35  Zealot x2, Warp Prism  
  113  8:43  Zealot x3  
  121  8:49  Zealot x3  
  127  8:57  Zealot x2, Pylon  
  131  9:07  Pylon  
  131  9:08  Forge  
  131  9:14  High Templar x4  
  139  9:18  Zealot x3  
  139  9:19  Zealot  
  139  9:31  Archon  
  125  9:40  Zealot x3  
  125  9:43  Zealot  
  123  9:47  Zealot x3  
  129  9:55  Nexus  
Tags
 
Add a new tag
Caveats
  • Supply blocks, unpowered buildings, or Contaminate may cause inaccurate times.
  • Supply counts are checked every 10 seconds.